 Dungeon Crawl Stone Soup version 0.18.1-8-gdd0e5ea (webtiles) character file.

5702 Liquid the Fighter (level 11, 86/86 HPs)
             Began as a Human Fighter on June 4, 2016.
             Was a Priest of Kikubaaqudgha.
             Got out of the dungeon alive.
             The game lasted 00:23:25 (9042 turns).

Liquid the Fighter (Human Fighter)                  Turns: 9042, Time: 00:23:25

Health: 86/86      AC:  8    Str: 21    XL:     11   Next: 5%
Magic:  28/28      EV: 10    Int: 10    God:    Kikubaaqudgha [***...]
Gold:   599        SH: 10    Dex: 13    Spells: 4 memorised, 6 levels left

rFire  . . .     SeeInvis .     y - +7 rapier of Defence by Offence {freeze, Str+3}
rCold  . . .     Gourm    .     b - +0 scale mail
rNeg   . . .     Faith    .     c - +0 shield
rPois  .         Spirit   .     (no helmet)
rElec  .         Dismiss  .     (no cloak)
rCorr  .         Reflect  .     t - +0 pair of gloves
SustAt .         Harm     .     (no boots)
MR     .....                    (no amulet)
Stlth  ..........               F - ring of magical power
                                M - +2 ring of slaying

@: not resistant to hostile enchantments, extremely unstealthy
A: no striking features
a: Receive Corpses, Renounce Religion


You escaped.
You worshipped Kikubaaqudgha.
Kikubaaqudgha was most pleased with you.
You were not hungry.

You visited 1 branch of the dungeon, and saw 10 of its levels.
You also visited: Sewer.

You collected 599 gold pieces.

Inventory:

Hand Weapons
 a - a +1 trident
 u - a +0 blowgun
 y - the +7 rapier of Defence by Offence (weapon) {freeze, Str+3}
   (You found it on level 4 of the Dungeon)

   It has been specially enchanted to freeze those struck by it, causing extra
   injury to most foes and up to half again as much damage against particularly
   susceptible opponents.
   It can also slow down cold-blooded creatures.
   It affects your strength (+3).
 G - the +4 rapier of Gionwues {antimagic, rPois rN++ Dex-3}
   (You found it on level 5 of the Dungeon)

   It disrupts the flow of magical energy around spellcasters and certain
   magical creatures (including the wielder).
   It affects your dexterity (-3).
   It protects you from poison.
   It greatly protects you from negative energy.
Missiles
 j - 2 throwing nets (quivered)
 v - 8 poisoned needles
Armour
 b - a +0 scale mail (worn)
 c - a +0 shield (worn)
 k - a +0 chain mail
 t - a +0 pair of gloves (worn)
Magical Staves
 C - an uncursed staff of energy
Jewellery
 g - a +2 ring of intelligence
 F - a ring of magical power (right hand)
 H - an uncursed ring of protection from cold
 M - a +2 ring of slaying (left hand)
Wands
 w - a wand of lightning (9/15)
 I - a wand of heal wounds (4/9)
 J - a wand of lightning (4/15)
Scrolls
 e - a scroll of enchant weapon
 l - 5 scrolls of teleportation
 o - 4 scrolls of identify
 p - a scroll of recharging
 r - 2 scrolls of fear
 s - a scroll of random uselessness {unknown}
 B - 2 scrolls of amnesia
Potions
 h - 8 potions of curing
 i - 3 potions of heal wounds
 m - 4 potions of brilliance
 z - 2 potions of flight
 A - a potion of lignification
 K - 2 potions of haste {unknown}
 L - a potion of mutation {unknown}
Books
 d - Kikubaaqudgha's Almanac of Dark Arts
   (Kikubaaqudgha gifted it to you on level 9 of the Dungeon)

   Spells                             Type                      Level
   a - Animate Dead                   Necromancy                   4
   b - Excruciating Wounds            Charms/Necromancy            5
   c - Agony                          Necromancy                   5
   d - Dispel Undead                  Necromancy                   5
   e - Simulacrum                     Ice/Necromancy               6
 D - Kikubaaqudgha's Catalogue of Unholy Rituals
   (Kikubaaqudgha gifted it to you on level 4 of the Dungeon)

   Spells                             Type                      Level
   a - Animate Skeleton               Necromancy                   1
   b - Corpse Rot                     Necromancy                   2
   c - Sublimation of Blood           Necromancy                   2
   d - Vampiric Draining              Necromancy                   3
   e - Control Undead                 Necromancy                   4
Comestibles
 f - 4 bread rations
 n - 4 beef jerkies
 q - 4 fruits
 x - 4 meat rations


   Skills:
 + Level 8.0 Fighting
 + Level 4.4 Short Blades
 - Level 4.7 Polearms
 - Level 4.0 Armour
 + Level 6.1 Dodging
 - Level 4.5 Shields
 + Level 5.4 Spellcasting
 + Level 7.5 Necromancy


You had 6 spell levels left.
You knew the following spells:

 Your Spells              Type           Power        Failure   Level  Hunger
a - Vampiric Draining     Necr           ###.......   34%         3    ###....
b - Animate Skeleton      Necr           N/A          12%         1    None
c - Animate Dead          Necr           N/A          93%         4    ####...
d - Simulacrum            Ice/Necr       ##........   100%        6    #######


Dungeon Overview and Level Annotations

Branches:
Dungeon (10/15)            Temple (0/1) D:6
   Lair: D:8-11         Orc: D:9-12

Altars:
Dithmenos
Elyvilon
Gozag
Kikubaaqudgha
Pakellas
Qazlal
Xom
Yredelemnul
The Shining One

Shops:
D:5 %

Annotations:
D:6 Prince Ribbit


Message History

There is a stone staircase leading down here.
HP restored.
There is a stone staircase leading up here.
You climb upwards.
There is a stone staircase leading down here.
There is an open door here.
The octopode shouts!
The troll shouts!
The spriggan shouts!
The human shouts!
The kobold shouts!
The minotaur bellows!
The kobold shouts!
The orc shouts!
The spriggan shouts!
The vine stalker shouts!
The troll shouts!
The vine stalker shouts!
The dwarf shouts!
There is a staircase leading out of the dungeon here.
Are you sure you want to leave the Dungeon?
This will make you lose the game!
You have escaped!

### # ##@## ### ##
###...##########.## .#####
#n#...#g##......#.# .....#
###...##########.##
.###.########.#...#f###### #.#
...........####...####...###.#
####..#######T#...#.##.....#.#
#..# ####..####.....#.####
#..# #f#..#i##.>.........


You could see a ghoul and a dwarf.

Vanquished Creatures
  An unseen horror (D:9)
  A gargoyle (D:10)
  A troll (D:9)
  Grinder (D:5)
  Sigmund (D:6)
  4 yaks (D:10)
  A hippogriff (D:9)
  An ice beast (D:7)
  2 orc warriors
  A sky beast (D:8)
  A wasp (D:7)
  2 phantoms
  2 ogres (D:8)
  4 centaurs
  6 giant frogs
  2 big kobolds
  Blork the orc (D:5)
  A water moccasin zombie (D:5)
  4 scorpions
  A wyvern skeleton (D:10)
  6 killer bees (D:9)
  A vampire bat (D:5)
  A howler monkey (D:6)
  2 crimson imps
  2 giant frog zombies
  5 hounds
  3 orc priests
  A jelly (D:8)
  8 orc wizards
  2 giant frog skeletons
  2 iguanas
  8 worker ants
  A hound skeleton (D:10)
  3 worker ant zombies
  18 adders
  An ooze (D:1)
  2 adder skeletons (D:4)
  4 worms
  A dart slug (D:2)
  7 giant geckos
  31 orcs
  10 bats
  13 giant cockroaches
  5 goblins
  6 hobgoblins
  7 jackals (D:3)
  18 kobolds
  4 quokkas
  5 ball pythons
  A giant gecko skeleton (D:4)
  12 giant newts
  A jackal skeleton (D:8)
  A quokka zombie (D:5)
  7 rats
237 creatures vanquished.

Vanquished Creatures (others)
  A kobold (D:10)
  8 plants (D:10)
9 creatures vanquished.

Grand Total: 246 creatures vanquished

Notes
Turn   | Place    | Note
--------------------------------------------------------------
     0 | D:1      | Liquid the Human Fighter began the quest for the Orb.
     0 | D:1      | Reached XP level 1. HP: 18/18 MP: 1/1
     0 | D:1      | Noticed a ghoul
     0 | D:1      | Noticed a dwarf
     1 | D:1      | Noticed a vine stalker
     3 | D:1      | Noticed a troll
     7 | D:1      | Noticed a spriggan
     8 | D:1      | Noticed a vine stalker
    12 | D:1      | Noticed a minotaur
    14 | D:1      | Noticed a human
    16 | D:1      | Noticed a spriggan
    16 | D:1      | Noticed a naga
    18 | D:1      | Noticed a troll
    18 | D:1      | Noticed an octopode
    20 | D:1      | Noticed a vampire
    20 | D:1      | Noticed a felid
    22 | D:1      | Noticed a centaur
   232 | D:1      | Reached XP level 2. HP: 24/24 MP: 2/2
   423 | D:1      | Reached XP level 3. HP: 25/29 MP: 3/3
   963 | D:2      | Reached XP level 4. HP: 35/35 MP: 4/4
  1490 | D:3      | Reached XP level 5. HP: 41/41 MP: 5/5
  2257 | D:3      | Reached skill level 4 in Fighting
  2257 | D:3      | Reached XP level 6. HP: 38/48 MP: 6/6
  2267 | D:3      | Found an ancient bone altar of Kikubaaqudgha.
  2474 | D:3      | Became a worshipper of Kikubaaqudgha
  2534 | D:4      | Got a smoking rapier
  2535 | D:4      | Identified the +7 rapier of Defence by Offence {freeze, Str+3} (You found it on level 4 of the Dungeon)
  2540 | D:4      | Found a white marble altar of Elyvilon.
  2540 | D:4      | Found an opulent altar of Gozag.
  2659 | D:4      | Found a glowing drain.
  2675 | Sewer    | Entered a sewer
  2911 | Sewer    | Reached XP level 7. HP: 52/55 MP: 7/7
  2992 | D:4      | Reached * piety under Kikubaaqudgha
  2992 | D:4      | Received a gift from Kikubaaqudgha
  2992 | D:4      | Reached skill level 1 in Dodging
  3001 | D:4      | Identified Kikubaaqudgha's Catalogue of Unholy Rituals (Kikubaaqudgha gifted it to you on level 4 of the Dungeon)
  3007 | D:4      | Learned a level 3 spell: Vampiric Draining
  3009 | D:4      | Learned a level 1 spell: Animate Skeleton
  3369 | D:4      | Found a basalt altar of Yredelemnul.
  3689 | D:5      | Entered Level 5 of the Dungeon
  3698 | D:5      | Reached skill level 1 in Necromancy
  3719 | D:5      | Reached skill level 1 in Spellcasting
  3726 | D:5      | Got a pitted rapier
  3727 | D:5      | Identified the +4 rapier of Gionwues {antimagic, rPois rN++ Dex-3} (You found it on level 5 of the Dungeon)
  4037 | D:5      | Noticed Grinder
  4048 | D:5      | Paralysed by Grinder for 6 turns
  4064 | D:5      | Paralysed by Grinder for 7 turns
  4082 | D:5      | Killed Grinder
  4082 | D:5      | Reached skill level 5 in Fighting
  4082 | D:5      | Reached XP level 8. HP: 26/62 MP: 2/10
  4354 | D:5      | Found Cogeliog's Food Boutique.
  4357 | D:5      | Noticed Blork the orc
  4368 | D:5      | Killed Blork the orc
  4541 | D:5      | Found an oddly glowing altar of Pakellas.
  4616 | D:6      | Found a staircase to the Ecumenical Temple.
  4813 | D:6      | Noticed Sigmund
  4817 | D:6      | Killed Sigmund
  4817 | D:6      | Reached XP level 9. HP: 63/69 MP: 13/13
  4948 | D:6      | Reached skill level 5 in Necromancy
  4998 | D:6      | Reached ** piety under Kikubaaqudgha
  5014 | D:6      | Noticed Prince Ribbit
  5036 | D:6      | Reached skill level 6 in Fighting
  5569 | D:7      | Found a stormy altar of Qazlal.
  6507 | D:8      | Reached skill level 1 in Short Blades
  6748 | D:8      | Reached XP level 10. HP: 68/77 MP: 16/16
  7110 | D:8      | Reached skill level 7 in Fighting
  7121 | D:9      | Found a shimmering altar of Xom.
  7240 | D:9      | Reached *** piety under Kikubaaqudgha
  7240 | D:9      | Received a gift from Kikubaaqudgha
  7243 | D:9      | Identified Kikubaaqudgha's Almanac of Dark Arts (Kikubaaqudgha gifted it to you on level 9 of the Dungeon)
  7265 | D:9      | Learned a level 4 spell: Animate Dead
  7272 | D:9      | Learned a level 6 spell: Simulacrum
  7314 | D:9      | Killed an unseen horror
  7314 | D:9      | Reached skill level 5 in Dodging
  8134 | D:9      | Found a glowing golden altar of the Shining One.
  8307 | D:10     | Entered Level 10 of the Dungeon
  8319 | D:10     | Reached skill level 5 in Spellcasting
  8327 | D:10     | Found a shadowy altar of Dithmenos.
  8370 | D:10     | Noticed a gargoyle
  8398 | D:10     | Killed a gargoyle
  8736 | D:10     | Reached skill level 8 in Fighting
  8736 | D:10     | Reached XP level 11. HP: 86/86 MP: 19/19
  9042 | D:$      | Got out of the dungeon alive.

Skill      XL: |  1  2  3  4  5  6  7  8  9 10 |
---------------+-------------------------------+-----
Polearms       | 3 4 |  4.7
Shields        | 4 |  4.5
Fighting       | 4 5 6 8 |  8.0
Armour         | 4 |  4.0
Dodging        | 2 3 4 6 |  6.1
Necromancy     | 2 4 6 7 |  7.5
Spellcasting   | 1 2 4 5 |  5.4
Short Blades   | 1 4 |  4.4

Action                   |  1- 3 |  4- 6 |  7- 9 | 10-12 || total
-------------------------+-------+-------+-------+-------++-------
Melee: Trident           |   101 |   217 |       |       ||   318
       Rapier            |       |    89 |   334 |   205 ||   628
Evoke: Wand              |       |       |       |     2 ||     2
  Use: Scroll            |       |     4 |    10 |     3 ||    17
       Potion            |       |     1 |     3 |     1 ||     5
  Eat: Chunk             |       |     7 |    12 |     7 ||    26
       Pizza             |       |       |       |     1 ||     1
Armor: Scale mail        |    10 |       |       |    56 ||    66
       Chain mail        |    23 |   185 |   192 |    11 ||   411
Dodge: Dodged            |    12 |    63 |   107 |    80 ||   262
Block: Shield            |    38 |   174 |   210 |   131 ||   553
